 Dungeon Crawl Stone Soup version 0.22.0-36-g8e74550 (webtiles) character file.

111 iamserjio the Ruffian (level 4, -3/44 HPs)
             Began as a Troll Fighter on Aug 24, 2018.
             Slain by an orc
             ... wielding a +0 trident
              (5 damage)
             ... on level 3 of the Dungeon.
             The game lasted 00:03:25 (497 turns).

iamserjio the Ruffian (Troll Fighter)                Turns: 497, Time: 00:03:26

Health: -3/44      AC:  5    Str: 24    XL:     4   Next: 62%
Magic:  3/3        EV:  8    Int:  5    God:
Gold:   63         SH:  8    Dex:  9    Spells: 3/3 levels left

rFire    . . .     SeeInvis .     - Unarmed
rCold    . . .     Gourm    +   b - +0 shield
rNeg     . . .     Faith    .   a - +0 robe
rPois    .         Spirit   .   (helmet restricted)
rElec    .         Reflect  .   (no cloak)
rCorr    .         Harm     .   (gloves unavailable)
MR       .....                  (boots unavailable)
Stlth    +.........             (no amulet)
HPRegen  0.54/turn              (no ring)
MPRegen  0.08/turn              (no ring)

@: flying
A: large, unfitting armour, claws 3, fast metabolism 3, gourmand, regeneration
1, shaggy fur 1, tough skin 2
a: no special abilities


You were on level 3 of the Dungeon.
You were hungry.

You visited 1 branch of the dungeon, and saw 3 of its levels.

You collected 63 gold pieces.

Inventory:

Armour
 a - a +0 robe (worn)
 b - a +0 shield (worn)
Scrolls
 e - 3 scrolls of identify {unknown}
 f - a scroll of blinking {unknown}
 h - 2 scrolls of remove curse {unknown}
 i - 2 scrolls of fear {unknown}
 j - a scroll of random uselessness {unknown}
 k - a scroll of fog {unknown}
 l - a scroll of enchant armour {unknown}
Potions
 c - a potion of might
Comestibles
 d - 2 rations


   Skills:
 - Level 2.4 Fighting
 - Level 2.4 Dodging
 - Level 2.4 Shields
 * Level 4.9 Unarmed Combat


You had 3 spell levels left.
You didn't know any spells.
Your spell library was empty.

Dungeon Overview and Level Annotations

Branches:
Dungeon (3/15)

Altars:
Wu Jian


Innate Abilities, Weirdness & Mutations

You are too large for most types of armour.
You have claws for hands.
Your metabolism is lightning-fast.
You like to eat raw meat.
Your natural rate of healing is unusually fast.
You are covered in fur. (AC +1)
You have very tough skin. (AC +2)


Message History

An orc wizard appears from thin air!
Reactivating autopickup.
You scratch the orc wizard.
The orc wizard is severely wounded.
The bat hits you but does no damage. The orc wizard hits you with a dagger.
* * * LOW HITPOINT WARNING * * *
You block the orc's attack.
You scratch the orc wizard but do no damage.
The orc wizard is severely wounded.
The bat hits you but does no damage. The orc wizard barely misses you.
The orc hits you from afar with a trident.
* * * LOW HITPOINT WARNING * * *
You scratch the orc wizard.
You kill the orc wizard!
You block the orc's attack.
You claw the bat!
You kill the bat!
You block the orc's attack. The orc hits you with a trident.
You die...

######### ....
........# ....
........# o...
........# ....
........#
........# #
......))# .#
.......)######..##
.......)o@........
.........)........
......?........>..
..................
..........!.......
#######...........
#...........
#...........
#..........


You could see an orc.

Vanquished Creatures
  An orc wizard (D:3)
  Robin (D:2)
  2 adders (D:2)
  A dart slug (D:3)
  A leopard gecko (D:1)
  3 orcs (D:3)
  2 bats
  16 goblins
  7 hobgoblins
  5 jackals (D:1)
  4 kobolds
  A frilled lizard (D:2)
  3 rats (D:1)
47 creatures vanquished.

Notes
Turn   | Place    | Note
-------+----------+-------------------------------------------
     0 | D:1      | iamserjio the Troll Fighter began the quest for the Orb.
     0 | D:1      | Reached XP level 1. HP: 22/22 MP: 0/0
    63 | D:1      | Reached XP level 2. HP: 29/29 MP: 1/1
   145 | D:1      | Reached skill level 3 in Unarmed Combat
   280 | D:2      | Found an ornate altar of the Wu Jian Council.
   294 | D:2      | Noticed Robin
   296 | D:2      | Reached XP level 3. HP: 36/36 MP: 2/2
   326 | D:2      | Killed Robin
   326 | D:2      | Reached skill level 4 in Unarmed Combat
   383 | D:1      | Reached XP level 4. HP: 43/44 MP: 3/3
   494 | D:3      | HP: 1/44 [orc/trident (4)]
   497 | D:3      | Slain by an orc

Skill      XL: |  1  2  3 |
---------------+----------+-----
Unarmed Combat | 3 4 |  4.9
Fighting       | |  2.4
Dodging        | |  2.4
Shields        | |  2.4

Action                   |  1- 3 |  4- 6 || total
-------------------------+-------+-------++-------
Melee: Unarmed           |    94 |    38 ||   132
  Use: Potion            |       |     1 ||     1
  Eat: Chunk             |     1 |       ||     1
Armor: Robe              |    26 |    42 ||    68
Dodge: Dodged            |    32 |    40 ||    72
Block: Shield            |    43 |    32 ||    75
